 Dungeon Crawl Stone Soup version 0.27-a0-423-gf312af23e9 (webtiles) character file.

Game seed: 7471761918301376691

4 jasper the Stinger (level 1, -1/13 HPs)
             Began as a Demonspawn Venom Mage on Feb 26, 2021.
             Slain by a kobold
             ... wielding a +0 club
              (4 damage)
             ... on level 1 of the Dungeon.
             The game lasted 00:00:23 (113 turns).

jasper the Stinger (Demonspawn Venom Mage)           Turns: 113, Time: 00:00:23

Health: -1/13      AC:  2    Str:  8    XL:     1   Next: 58%
Magic:  1/3        EV: 12    Int: 16    God:
Gold:   0          SH:  0    Dex: 13    Spells: 3/4 levels left

rFire    . . .     SeeInvis .   (no weapon)
rCold    . . .     Faith    .   (no shield)
rNeg     . . .     Spirit   .   a - +0 robe
rPois    .         Reflect  .   (no helmet)
rElec    .         Harm     .   (no cloak)
rCorr    .         Rampage  .   (no gloves)
Will     .....                  (no boots)
Stlth    ++........             (no amulet)
HPRegen  0.04/turn              (no ring)
MPRegen  0.08/turn              (no ring)

@: no status effects
A: no striking features
a: no special abilities


You were on level 1 of the Dungeon.
You visited 1 branch of the dungeon, and saw 1 of its levels.

Inventory:

Armour
 a - a +0 robe (worn)


   Skills:
 - Level 1.7 Dodging
 - Level 1.7 Stealth
 - Level 2.0 Spellcasting
 - Level 0.8 Transmutations
 + Level 3.3 Poison Magic


You had 3 spell levels left.
You knew the following spells:

 Your Spells              Type           Power        Failure   Level
a - Sting                 Tmut/Pois      32%          9%          1

Your spell library contained the following spells:

 Spells                   Type           Power        Failure   Level
 Poisonous Vapours        Pois/Air       12%          16%         2
 Ignite Poison            Fire/Tmut/Pois 6%           34%         3
 Mephitic Cloud           Conj/Pois/Air  5%           36%         3
 Olgreb's Toxic Radiance  Pois           12%          45%         4


Dungeon Overview and Level Annotations

Branches:
Dungeon (1/15)

Altars:


Message History

The hobgoblin closely misses you.
You now have 1/3 mp.
Aiming: Sting (safe; 9% risk of failure)
Press: ? - help, Q - select action Shift-Dir - straight line, f/p - hobgoblin
Aim: a hobgoblin (32% to evade)
The sting misses the hobgoblin.
A goblin comes into view. It is wielding a +0 club.
The hobgoblin barely misses you.
You now have 0/3 mp.
The goblin shouts!
You hit the hobgoblin.
The hobgoblin is lightly wounded.
The hobgoblin hits you but does no damage.
Aiming: Sting (safe; 9% risk of failure)
Press: ? - help, Q - select action Shift-Dir - straight line, f/p - hobgoblin
Aim: a hobgoblin (32% to evade)
The sting misses the hobgoblin.
You now have 0/3 mp.
The hobgoblin hits you.
You take 4 damage, and have 9/13 hp.
MASSIVE DAMAGE!!
A bat comes into view.
The hobgoblin hits you.
You take 1 damage, and have 8/13 hp.
Found a stone staircase leading down.
A kobold comes into view. It is wielding a +0 club.
Found a coppery potion.
You hit the bat but do no damage.
The kobold shouts!
The bat completely misses you. The goblin hits you with a +0 club.
The hobgoblin barely misses you.
You take 3 damage, and have 5/13 hp.
MASSIVE DAMAGE!!
You completely miss the bat. The bat hits you but does no damage. x2
The goblin hits you but does no damage. The hobgoblin hits you.
* * * LOW HITPOINT WARNING * * *
You take 2 damage, and have 3/13 hp.
The bat closely misses you. The bat hits you but does no damage.
You closely miss the bat. The bat barely misses you.
The kobold hits you with a +0 club.
You die...

.......'.........#...
.......##........## ...
.♣.♣.♣..#.........# ...
........#######.8.# ....
..............#...#.....
..............#####.....
........................
...............g........
...............g@..####
################.Kb.....
#.#..###. #.##.# ... .>#
#.# !# ... . #.# #.


You could see a hobgoblin, a goblin, a bat and a kobold.

Vanquished Creatures
  An ooze (D:1)
1 creature vanquished.

Notes
Turn   | Place    | Note
-------+----------+-------------------------------------------
     0 | D:1      | jasper the Demonspawn Venom Mage began the quest for the
                  | Orb.
     0 | D:1      | Reached XP level 1. HP: 13/13 MP: 3/3
   113 | D:1      | Slain by a kobold

Illustrated notes

Levels and vault maps discovered:
D:1:      wander_arrival_estate, layout_basic, hangedman_decor_growths

Action                   || total
-------------------------++-------
Melee: Unarmed           ||     7
 Cast: Sting             ||     7
Armor: Robe              ||     5
Dodge: Dodged            ||     7

Table legend: (Time is in decaauts)
 A = Elapsed time spent in this place.
 B = Non-inter-level travel time spent in this place.
 C = Inter-level travel time spent in this place.
 D = Time resting spent in this place.
 E = Time spent auto-exploring this place.
 F = Levels seen in this place.
 G = Mean time per level.
                   A        B        C        D        E       F      G
               +--------+--------+--------+--------+--------+-----+--------+
         Total |    113 |    113 |      0 |      0 |     71 |   1 |  113.0 |
       Dungeon |    113 |    113 |      0 |      0 |     71 |   1 |  113.0 |
               +--------+--------+--------+--------+--------+-----+--------+

Top non-repeatable levels by time:
     D:1: 113 daAuts
